Map: Dédale EC

Players

HoldTheDoor

  • Race: Protoss Protoss
  • League: Diamond
  • Spawn Location: 7:00

Octopi - Winner!

  • Race: Zerg Zerg
  • League: Platinum
  • Spawn Location: 1:00

VOD

Have the link to the VOD?

Description

Time

  • Played on: July 7, 2018, 7:37 a.m.
  • Length: 4:53
Show
View Real Time Build Order
Export as new Build Order

HoldTheDoor Protoss 

Build Orders:  

Get SALT Encoding   

  12  0:01  Probe  
  13  0:13  Probe  
  14  0:19  Pylon  
  14  0:25  Probe  
  15  0:36  Probe  
  15  0:41  Gateway  
  16  0:44  Probe  
  16  0:45  Assimilator  
  17  0:52  Probe  
  18  1:05  Probe  
  19  1:25  Gateway  
  19  1:28  Cybernetics Core  
  19  1:31  Probe  
  20  1:36  Pylon  
  20  1:38  Assimilator  
  20  1:43  Probe, Zealot  
  23  1:55  Probe  
  24  2:07  Probe  
  25  2:10  Adept  
  25  2:12  Warp Gate  
  27  2:22  Sentry  
  29  2:30  Probe  
  30  2:38  Pylon  
  30  2:39  Gateway  
  30  2:56  Adept x2  
  34  3:02  Pylon  
  35  3:05  Probe  
  35  3:11  Twilight Council  
  35  3:17  Probe  
  36  3:33  Probe  
  37  3:47  Robotics Facility  
  37  3:52  Nexus, Probe  
  38  4:04  Probe  
  39  4:16  Probe  
  40  4:22  Pylon  
  40  4:24  Sentry x3  
  42  4:29  Probe  
  47  4:32  Pylon  
  47  4:35  Gateway  
  47  4:41  Probe  
Show
View Real Time Build Order
Export as new Build Order

Octopi Zerg - Winner!

Build Orders: Pool First 

Get SALT Encoding   

  12  0:08  Overlord  
  12  0:13  Drone  
  13  0:17  Drone  
  14  0:26  Drone  
  15  0:29  Drone  
  16  0:40  Drone  
  17  0:43  Extractor  
  16  0:51  Spawning Pool, Drone  
  16  1:18  Hatchery  
  15  1:19  Drone  
  16  1:25  Drone  
  17  1:33  Drone  
  18  1:49  Zergling x2  
  18  1:50  Zergling x2  
  18  1:51  Metabolic Boost  
  20  2:11  Hatchery  
  19  2:16  Zergling x2  
  19  2:17  Zergling x2  
  21  2:26  Overlord  
  21  2:39  Zergling x4  
  23  2:44  Roach Warren  
  23  3:01  Drone x2  
  23  3:02  Drone x3  
  23  3:03  Queen  
  29  3:06  Queen  
  31  3:28  Roach, Baneling Nest  
  31  3:29  Roach x2  
  36  3:34  Overlord  
  36  3:54  Drone x2  
  36  3:55  Drone x3  
  41  3:59  Roach  
  43  4:15  Baneling x3  
  43  4:16  Baneling  
  43  4:22  Drone  
  43  4:24  Overlord x2  
  44  4:25  Extractor  
Tags
 
Add a new tag
Caveats
  • Supply blocks, unpowered buildings, or Contaminate may cause inaccurate times.
  • Supply counts are checked every 10 seconds.